 Dungeon Crawl Stone Soup version 0.17.0-9-g801d43b (webtiles) character file.

128 Yevrel the Skirmisher (level 4, -17/37 HPs)
             Began as a Demonspawn Wanderer on Nov 9, 2015.
             Was an Initiate of Yredelemnul.
             Demolished by a two-headed ogre
             ... wielding a +0 giant spiked club
             ... created by the fury of Okawaru
              (19 damage)
             ... on level 4 of the Dungeon.
             The game lasted 00:15:27 (2406 turns).

Yevrel the Skirmisher (Demonspawn Wanderer)         Turns: 2406, Time: 00:15:27

Health: -17/37     AC:  9    Str: 15    XL:     4   Next: 86%
Magic:  5/5        EV:  6    Int: 13    God:    Yredelemnul [......]
Gold:   167        SH:  0    Dex: 11    Spells: 0 memorised, 3 levels left

rFire  . . .     SeeInvis .     k - +2 short sword (drain)
rCold  . . .     Clarity  .     x - +0 chain mail
rNeg   . . .     SustAt   .     (no shield)
rPois  .         Gourm    .     (no helmet)
rElec  .         Spirit   .     (no cloak)
rCorr  .         Warding  .     (no gloves)
rMut   .         Stasis   .     (no boots)
MR     .....                    (no amulet)
Stlth  ..........               (no ring)
                                (no ring)

@: drained, not resistant to hostile enchantments, extremely unstealthy
A: powered by death 1, rot immunity
a: Renounce Religion


You were on level 4 of the Dungeon.
You worshipped Yredelemnul.
Yredelemnul was noncommittal.
You were not hungry.

You visited 1 branch of the dungeon, and saw 4 of its levels.

You collected 167 gold pieces.

Inventory:

Hand Weapons
 a - a +2 shortbow
 g - a +0 dagger
 i - a +0 short sword
 k - a +2 short sword of draining (weapon)
 z - a +0 hand axe
Missiles
 b - 44 arrows
Armour
 e - a +0 robe
 h - a +0 robe
 m - a +0 ring mail
 x - a +0 chain mail (worn)
Wands
 y - a wand of fireball (5)
Scrolls
 d - 3 scrolls of teleportation
 o - 2 scrolls of fear {unknown}
 q - a scroll of amnesia
 t - 3 scrolls of random uselessness {unknown}
 u - a scroll of recharging {unknown}
 v - a scroll of magic mapping {unknown}
Potions
 c - 4 potions of curing
 l - a potion of might {unknown}
 r - a potion of mutation {unknown}
 s - a potion of ambrosia {unknown}
 A - a potion of haste {unknown}
Books
 B - a book of Battle

   Spells                             Type                      Level
   a - Infusion                       Charms                       1
   b - Shroud of Golubria             Charms/Translocation         2
   c - Song of Slaying                Charms                       2
   d - Spectral Weapon                Hexes/Charms                 3
   e - Regeneration                   Charms/Necromancy            3
Comestibles
 f - a bread ration
 j - 3 slices of pizza
 n - a beef jerky
 p - 3 meat rations
 w - 2 royal jellies


   Skills:
 * Level 3.8(3.7) Fighting
 + Level 0.6(0.5) Short Blades
 - Level 3.3(3.2) Bows
 * Level 3.0(2.9) Armour
 + Level 1.1(1.0) Dodging
 + Level 2.0(1.9) Evocations


You had 3 spell levels left.
You didn't know any spells.

Dungeon Overview and Level Annotations

Branches:
Dungeon (4/15)
 Temple: D:4-7

Altars:
Nemelex Xobeh
Okawaru
Qazlal
Yredelemnul


Innate Abilities, Weirdness & Mutations

You regenerate a little health from kills.
You are immune to rotting.


Message History

The two-headed ogre barely misses you.
The two-headed ogre hits you with a giant spiked club.
* * * LOW HITPOINT WARNING * * *
The two-headed ogre hits you but does no damage.
The two-headed ogre barely misses you.
There is a stone staircase leading down here.
The two-headed ogre hits you with a giant spiked club.
* * * LOW HITPOINT WARNING * * *
The two-headed ogre barely misses you.
You climb downwards.
Found a plain deck of cards.
Found a sparkling altar of Nemelex Xobeh.
There is a stone staircase leading up here.
The two-headed ogre seems less drained.
There is a sparkling altar of Nemelex Xobeh here.
You see here a plain deck of cards.
The two-headed ogre hits you with a giant spiked club!!
Ouch! That really hurt!
You die...
Your body rises from the dead as a mindless zombie.

#.# #.#
#.# #.#
#.# #<#
#.## #
#.O##.#
#._@..#
#######


You could see a two-headed ogre.

Vanquished Creatures
  2 orc wizards (D:3)
  3 adders
  A giant gecko (D:1)
  2 orcs (D:3)
  A ball python (D:2)
  2 giant cockroaches (D:2)
  6 hobgoblins
  4 bats
  3 giant newts
  4 goblins
  11 kobolds
  2 quokkas (D:2)
  5 rats
46 creatures vanquished.

Notes
Turn   | Place    | Note
--------------------------------------------------------------
     0 | D:1      | Yevrel the Demonspawn Wanderer began the quest for the Orb.
     0 | D:1      | Yevrel set off with: a +2 shortbow, 25 arrows, a potion of curing, a scroll of teleportation, a +0 robe, a bread ration
     0 | D:1      | Reached XP level 1. HP: 18/18 MP: 2/2
   607 | D:1      | Gained mutation: You are immune to rotting. [demonic ancestry]
   607 | D:1      | Reached XP level 2. HP: 18/24 MP: 3/3
  1627 | D:2      | Gained mutation: You regenerate a little health from kills. [demonic ancestry]
  1627 | D:2      | Reached XP level 3. HP: 19/29 MP: 4/4
  2048 | D:3      | Reached XP level 4. HP: 16/36 MP: 5/5
  2064 | D:3      | Reached skill level 1 in Dodging
  2183 | D:3      | Found an iron altar of Okawaru.
  2211 | D:3      | Became a worshipper of Warmaster Okawaru
  2277 | D:3      | Found a stormy altar of Qazlal.
  2354 | D:3      | Found a basalt altar of Yredelemnul.
  2362 | D:3      | Fell from the grace of Okawaru
  2362 | D:3      | Became a worshipper of Yredelemnul the Dark
  2377 | D:3      | Noticed a two-headed ogre
  2402 | D:4      | Found a sparkling altar of Nemelex Xobeh.
  2406 | D:4      | Demolished by a two-headed ogre

Action                   |  1- 3 |  4- 6 || total
-------------------------+-------+-------++-------
Melee: Dagger            |    16 |       ||    16
       Shortbow          |     9 |       ||     9
       Short sword       |    80 |    33 ||   113
 Fire: Shortbow          |    36 |       ||    36
  Use: Scroll            |     2 |       ||     2
  Eat: Bread ration      |     1 |       ||     1
